 Dungeon Crawl Stone Soup version 0.20.0-15-g7f486f2 (webtiles) character file.

91 louis the Chiller (level 4, -5/24 HPs)
             Began as a Gargoyle Ice Elementalist on June 4, 2017.
             Slain by a worm (9 damage)
             ... on level 2 of the Dungeon on June 18, 2017.
             The game lasted 00:09:26 (2943 turns).

louis the Chiller (Gargoyle Ice Elementalist)       Turns: 2943, Time: 00:09:26

Health: -5/24      AC:  5    Str: 12    XL:     4   Next: 57%
Magic:  7/7        EV: 12    Int: 16    God:
Gold:   114        SH:  0    Dex: 10    Spells: 5/8 levels left

rFire    . . .     SeeInvis .   g - +0 whip
rCold    . . .     Gourm    .   (no shield)
rNeg     + . .     Faith    .   a - +0 robe
rPois    ∞         Spirit   .   (no helmet)
rElec    +         Reflect  .   (no cloak)
rCorr    .         Harm     .   (no gloves)
MR       .....                  (no boots)
Stlth    ++........             (no amulet)
Regen    0.1/turn               (no ring)
MPRegen  0.1/turn               (no ring)

@: no status effects
A: negative energy resistance 1, electricity resistance, unbreathing,
petrification resistance, rot immunity, AC +3
a: no special abilities


You were on level 2 of the Dungeon.
You were hungry.

You visited 1 branch of the dungeon, and saw 3 of its levels.

You collected 114 gold pieces.

Inventory:

Hand Weapons
 g - a +0 whip (weapon)
Armour
 a - a +0 robe (worn)
Scrolls
 c - a scroll of teleportation {unknown}
 h - a scroll of remove curse {unknown}
 k - 3 scrolls of amnesia
 l - a scroll of fear {unknown}
 m - a scroll of recharging {unknown}
Potions
 d - 2 potions of flight
 e - 2 potions of might {unknown}
 f - a potion of curing {unknown}
 i - a potion of haste {unknown}
 n - a potion of lignification {unknown}
 o - a potion of degeneration {unknown}
Books
 b - a book of Frost

   Spells                             Type                      Level
   a - Freeze                         Ice                          1
   b - Throw Frost                    Conjuration/Ice              2
   c - Ozocubu's Armour               Charms/Ice                   3
   d - Throw Icicle                   Conjuration/Ice              4
   e - Summon Ice Beast               Ice/Summoning                4
Comestibles
 j - 2 bread rations


   Skills:
 + Level 0.2 Fighting
 * Level 1.9 Dodging
 + Level 2.4 Stealth
 + Level 0.2 Unarmed Combat
 * Level 2.5 Spellcasting
 + Level 1.2 Conjurations
 * Level 4.4 Ice Magic


You had 5 spell levels left.
You knew the following spells:

 Your Spells              Type           Power        Failure   Level  Hunger
a - Freeze                Ice            ###.         3%          1    #......
b - Throw Frost           Conj/Ice       ##....       10%         2    ##.....


Dungeon Overview and Level Annotations

Branches:
Dungeon (3/15)

Altars:


Innate Abilities, Weirdness & Mutations

You are resistant to torment.
Your stone body is resilient. (AC +3)
You are immune to poison.
You resist negative energy. (rN+)
You are resistant to electric shocks. (rElec)
You can survive without breathing.
You are immune to petrification.
You are immune to rotting.


Message History

You see here a club.
You now have 114 gold pieces (gained 10).
o - a fizzy amethyst potion Done exploring.
Done exploring.
The worm is too close now for your liking.
You can't go down here!
A worm is nearby!
A worm is nearby!
A worm is nearby!
The worm bites you but does no damage. The worm bites you. The worm bites you!
The worm closely misses you. The worm barely misses you.
The worm closely misses you. The worm bites you!
* * * LOW HITPOINT WARNING * * *
The worm bites you!
You die...

#.....#.#...#.......
########.....#.#...........
#..............#######.....
##.####.........# #.....
#†# #.........# #.....
#.####.........# #.....
#.....###......# #.....
#####.# #w###### #..... #.#
#@# #..... #.# #.# ######
#w###.##### #.##......#
#..'......# #.##......#
#.##...(..# ####......#
#......#


You could see a worm.

Vanquished Creatures
  An adder (D:2)
  An ooze (D:2)
  3 worms (D:2)
  3 dart slugs
  A leopard gecko (D:1)
  6 bats
  2 giant cockroaches (D:2)
  6 goblins
  6 hobgoblins
  6 jackals (D:2)
  11 kobolds
  A quokka (D:2)
  3 frilled lizards
  9 rats
59 creatures vanquished.

Notes
Turn   | Place    | Note
-------+----------+-------------------------------------------
     0 | D:1      | louis the Gargoyle Ice Elementalist began the quest for the Orb.
     0 | D:1      | Reached XP level 1. HP: 10/10 MP: 3/3
   481 | D:1      | Reached XP level 2. HP: 15/15 MP: 1/5
   525 | D:1      | Learned a level 2 spell: Throw Frost
  1018 | D:1      | Reached XP level 3. HP: 18/19 MP: 1/6
  1723 | D:2      | Reached skill level 4 in Ice Magic
  1898 | D:2      | Reached XP level 4. HP: 20/24 MP: 2/7
  2883 | D:2      | Upgraded the game from 0.20.0-10-g0535bb4 to 0.20.0-15-g7f486f2
  2943 | D:2      | Slain by a worm

Skill      XL: |  1  2  3 |
---------------+----------+-----
Ice Magic      | 4 |  4.4
Fighting       | |  0.2
Dodging        | |  1.9
Stealth        | |  2.4
Unarmed Combat | |  0.2
Spellcasting   | |  2.5
Conjurations   | |  1.2

Action                   |  1- 3 |  4- 6 || total
-------------------------+-------+-------++-------
Melee: Unarmed           |    59 |    24 ||    83
       Whip              |       |    23 ||    23
 Cast: Freeze            |    42 |    20 ||    62
       Throw Frost       |     9 |    16 ||    25
  Use: Scroll            |     3 |       ||     3
 Stab: Sleeping          |     1 |       ||     1
  Eat: Bread ration      |     1 |       ||     1
       Chunk             |       |     4 ||     4
Armor: Robe              |    12 |    52 ||    64
Dodge: Dodged            |    57 |    87 ||   144
